AoeStats
← jphilkill

Nomad

509838072Analyzed
4v4 RM · 3d ago on Sep 28, 2026· 47m 4s· 8 players
Game mode
Random Map
Map size
231×231
Population
200
Speed
Normal
Resources
Standard
Victory
Conquest
Starting age
Dark Age
Ending age
Imperial Age
RankedLock teamsTeams togetherTeam positionsShared explorationLock speedFull tech treeHidden civsTurbo modeCheats
Victory
Defeat
🇳🇿 Varangians · New Zealand
1157
+11
🇺🇸 Spanish · United States
1131
+12
🇳🇿 Persians · New Zealand
1093
+14
🇩🇪 Huns · Germany
944
+20
🇮🇳 Romans · India
1060
-15
🇨🇳 Vietnamese · China
1060
-15
🇫🇷 Danes · France
1038
-14
🇮🇩 Huns · Indonesia
1020
-13
nchan55
12:47 Loom
16:55 Feudal Age
20:28 Castle Age
18:21 Double-Bit Axe
18:21 Horse Collar
18:27 Fishing Lines
20:17 Fletching
21:46 Medium Warships
22:21 Wheelbarrow
23:22 Forging
23:13 Scale Mail Armor
23:13 Pikeman
23:54 Squires
30:02 Man-at-Arms
34:52 Chain Mail Armor
42:02 Redemption
MrTomatoChips
13:58 Feudal Age
17:34 Castle Age
16:12 Double-Bit Axe
16:11 Horse Collar
17:09 Stone Mining
19:13 Bow Saw
21:11 Forging
21:07 Scale Barding Armor
21:56 Pikeman
23:47 Squires
29:03 Heavy Plow
31:16 Gold Mining
35:00 Imperial Age
32:37 Loom
33:30 Gold Shaft Mining
33:50 Wheelbarrow
34:58 Iron Casting
35:19 Marauders
35:44 Hand Cart
35:14 Town Watch
35:56 Ballistics
35:33 Murder Holes
37:03 Elite Tarkan
39:23 Chain Barding Armor
39:50 Parthian Tactics
39:33 Thumb Ring
39:57 Town Patrol
40:11 Husbandry
40:22 Bloodlines
40:48 Plate Barding Armor
40:05 Fletching
40:17 Padded Archer Armor
40:35 Halberdier
42:10 Heavy Cavalry Archer
Tektø
14:50 Feudal Age
15:17 Double-Bit Axe
20:21 Castle Age
佛山大维哥
7:28 Loom
15:08 Feudal Age
20:35 Castle Age
20:56 Scale Barding Armor
21:02 Forging
22:19 Chain Barding Armor
22:01 Husbandry
22:47 Bloodlines
23:03 Town Watch
24:10 Husbandry
29:11 Iron Casting
39:50 Padded Archer Armor
39:40 Fletching
39:48 Double-Bit Axe
40:44 Bow Saw
46:24 Imperial Age
jphilkill
4:14 Loom
16:13 Feudal Age
21:41 Castle Age
20:42 Double-Bit Axe
20:50 Gold Mining
20:53 Stone Mining
20:46 Horse Collar
25:00 Bow Saw
25:20 Medium Warships
28:32 Gold Shaft Mining
38:13 Pikeman
38:55 Squires
45:26 Wheelbarrow
46:09 Scale Mail Armor
46:20 Forging
FinRahZel
7:49 Loom
13:08 Feudal Age
17:39 Double-Bit Axe
20:08 Castle Age
21:35 Bow Saw
24:32 Imperial Age
23:25 Fishing Lines
26:48 Two-Man Saw
27:03 Gillnets
27:49 Forging
29:22 Iron Casting
28:43 Gold Mining
31:34 Iron Casting
32:00 Scale Barding Armor
35:26 Blast Furnace
35:07 Bloodlines
34:58 Husbandry
36:03 Conscription
37:06 Chain Barding Armor
37:01 Fletching
37:03 Capped Ram
38:32 Elite Jarl
40:49 Plate Barding Armor
Imyourextasy
7:51 Loom
17:16 Feudal Age
21:16 Castle Age
19:45 Double-Bit Axe
20:54 Gold Mining
25:09 Medium Warships
34:11 Padded Archer Armor
35:07 Wheelbarrow
36:06 Hand Cart
38:47 Imperial Age
37:02 Husbandry
37:16 Bloodlines
37:21 Fletching
38:32 Leather Archer Armor
39:51 Conscription
40:04 Ring Archer Armor
41:09 Chemistry
40:05 Elite Conquistador
41:08 Horse Collar
41:38 Town Watch
44:39 Ballistics
44:47 Bombard Tower
45:31 Bodkin Arrow
45:47 Forging
jordan.armstrong
4:17 Loom
14:16 Feudal Age
14:54 Double-Bit Axe
18:48 Bloodlines
19:43 Fishing Lines
20:46 Wheelbarrow
21:16 Horse Collar
24:50 Castle Age
24:23 Forging
24:19 Scale Barding Armor
24:08 Gold Mining
24:09 Stone Mining
26:06 Bow Saw
26:00 Heavy Plow
25:55 Gillnets
27:08 Pikeman
27:58 Town Watch
33:09 Iron Casting
38:35 Hand Cart
42:14 Imperial Age
39:59 Husbandry
42:12 Cavalier
43:39 Conscription
43:30 Savar
48:21 Chemistry
48:36 Blast Furnace
Connection lost

Rejoining the realm…

Still unreachable

The connection could not be restored.

Session expired

The server has moved on; the page needs a fresh start.